 Dungeon Sprint DCSS version 0.22-a0-254-gaf95ca0 (webtiles) character file.

49 Conn321 the Magician (level 3, -2/21 HPs)
             Began as an Octopode Wizard on Mar 4, 2018.
             Was a Follower of Sif Muna.
             Killed by divine providence
             ... invoked by an orc priest
              (12 damage)
             ... in the Dungeon (Sprint VII: "The Pits").
             The game lasted 00:02:25 (241 turns).

Conn321 the Magician (Octopode Wizard)               Turns: 241, Time: 00:02:25

Health: -2/21      AC:  1    Str:  6    XL:     3   Next: 75%
Magic:  4/10       EV: 13    Int: 21    God:    Sif Muna [*.....]
Gold:   0          SH:  0    Dex: 10    Spells: 3/14 levels left

rFire    . . .     SeeInvis .   a - +2 dagger
rCold    . . .     Gourm    .   (no shield)
rNeg     . . .     Faith    .   j - +0 hat
rPois    .         Spirit   .   (no amulet)
rElec    .         Reflect  .   (no ring)
rCorr    .         Harm     .   (no ring)
MR       .....     NoTele   +   (no ring)
Stlth    +++.......             (no ring)
HPRegen  0.07/turn              (no ring)
MPRegen  0.12/turn              (no ring)
                                (no ring)
                                (no ring)

@: no status effects
A: almost no armour, stealthy swim, amphibious, 8 rings, constrict 8, camouflage
1, gelatinous body 1
a: Divine Energy, Renounce Religion


You were in the Dungeon.
You worshipped Sif Muna.
Sif Muna was aware of your devotion.
You were not hungry.

You visited 1 branch

Inventory:

Hand Weapons
 a - a +2 dagger (weapon)
 b - a +2 falchion
 p - a +0 long sword of holy wrath
 q - a +2 mace of protection
Armour
 j - a +0 hat (worn)
Scrolls
 i - a scroll of blinking
 m - 3 scrolls of remove curse
 n - 5 scrolls of amnesia
 o - a scroll of summoning
Potions
 d - 6 potions of curing
 e - 6 potions of heal wounds
 f - a potion of haste
 g - 4 potions of magic
 h - 3 potions of berserk rage
 l - 2 potions of invisibility
Comestibles
 c - 9 rations
 k - 4 chunks of flesh


   Skills:
 + Level 1.0 Short Blades
 + Level 0.3(0.7) Long Blades
 + Level 2.9 Dodging
 + Level 4.4 Stealth
 + Level 6.2 Spellcasting
 + Level 1.1 Conjurations
 + Level 1.0 Summonings
 + Level 1.0 Translocations


You had 3 spell levels left.
You knew the following spells:

 Your Spells              Type           Power        Failure   Level  Hunger
a - Magic Dart            Conj           ##..         6%          1    None
b - Blink                 Tloc           N/A          10%         2    None
c - Call Imp              Summ           ##......     10%         2    None
d - Conjure Flame         Conj/Fire      #.......     22%         3    #......
e - Mephitic Cloud        Conj/Pois/Air  #.......     24%         3    #......


Dungeon Overview and Level Annotations

Branches:
Dungeon (1/1)

Altars:
Ashenzari
Cheibriados
Dithmenos
Elyvilon
Fedhas
Gozag
Hepliaklqana
Kikubaaqudgha
Makhleb
Nemelex Xobeh
Okawaru
Qazlal
Ru
Sif Muna
Trog
Uskayaw
Vehumet
Wu Jian
Xom
Yredelemnul
Zin
The Shining One
Beogh
Jiyva
Lugonu


Innate Abilities, Weirdness & Mutations

You cannot wear most types of armour.
You are very stealthy in the water. (Stealth+)
You are amphibious.
You can wear up to eight rings at the same time.
You can use your tentacles to constrict eight enemies at once.
Your skin changes colour to match your surroundings (Stealth+).
Your rubbery body absorbs attacks. (AC +1, EV +1)


Message History

The ball explodes into a vile cloud!
The stinking cloud engulfs the sky beast.
You hear a shout! x2
The sky beast is engulfed in noxious fumes.
The sky beast appears confused.
The orc priest moves out of view.
A bat skeleton comes into view.
The sky beast is engulfed in noxious fumes.
The sky beast closely misses you.
The orc priest invokes the aid of Beogh against you.
Beogh smites you!
Ouch! That really hurt!
You strike the helpless sky beast from behind!
You hit the sky beast.
The sky beast is moderately wounded.
The sky beast is engulfed in noxious fumes.
The sky beast appears confused.
The orc priest invokes the aid of Beogh against you.
Beogh smites you!
Ouch! That really hurt!
You die...

#'#####'#####.....
#.#†..#)#[[##.....
#.#..)#.#))#####'#
#.#...'.#.)##.....
#.##'####.)##.....
#.#.....#..##.....
#.#.....#'###...<.
#.#........##.....
#@#........##.....
#§###########.....
#Y5 ###### #..o
##o#. n... .# #.
.. ..


You could see a sky beast (confused), a necrophage, an iron imp and 2 orc
priests.

Vanquished Creatures
  An iron imp (D)
  A river rat (D)
  2 leopard geckos (D)
  An orc (D)
  A bat skeleton (D)
  A hobgoblin (D)
  A frilled lizard (D)
  A goblin (D)
  A kobold (D)
10 creatures vanquished.

Notes
Turn   | Place    | Note
-------+----------+-------------------------------------------
     0 | D        | Conn321 the Octopode Wizard began the quest for the Orb.
     0 | D        | Reached XP level 1. HP: 11/11 MP: 4/4
    45 | D        | Found a glowing golden altar of the Shining One.
    45 | D        | Found a glowing silver altar of Zin.
    45 | D        | Found a basalt altar of Yredelemnul.
    45 | D        | Found a shimmering altar of Xom.
    45 | D        | Found an ornate altar of the Wu Jian Council.
    45 | D        | Found a bloodstained altar of Trog.
    45 | D        | Found a deep blue altar of Sif Muna.
    45 | D        | Found a sacrificial altar of Ru.
    45 | D        | Found a stormy altar of Qazlal.
    45 | D        | Found an iron altar of Okawaru.
    45 | D        | Found a sparkling altar of Nemelex Xobeh.
    45 | D        | Found a burning altar of Makhleb.
    45 | D        | Found a viscous altar of Jiyva.
    45 | D        | Found a hazy altar of Hepliaklqana.
    45 | D        | Found an opulent altar of Gozag.
    45 | D        | Found a blossoming altar of Fedhas.
    45 | D        | Found a white marble altar of Elyvilon.
    45 | D        | Found a shadowy altar of Dithmenos.
    45 | D        | Found a snail-covered altar of Cheibriados.
    46 | D        | Found a radiant altar of Vehumet.
    46 | D        | Found a corrupted altar of Lugonu.
    46 | D        | Found a roughly hewn altar of Beogh.
    47 | D        | Found an ancient bone altar of Kikubaaqudgha.
    47 | D        | Found a hide-covered altar of Uskayaw.
    47 | D        | Found a shattered altar of Ashenzari.
    48 | D        | Became a worshipper of Sif Muna the Loreminder
    67 | D        | Reached skill level 4 in Spellcasting
    77 | D        | Reached XP level 2. HP: 17/17 MP: 2/7
   123 | D        | Reached * piety under Sif Muna
   123 | D        | Reached skill level 5 in Spellcasting
   139 | D        | Reached skill level 1 in Short Blades
   139 | D        | Reached skill level 6 in Spellcasting
   139 | D        | Reached XP level 3. HP: 19/21 MP: 8/10
   158 | D        | Learned a level 2 spell: Blink
   161 | D        | Learned a level 2 spell: Call Imp
   165 | D        | Learned a level 3 spell: Conjure Flame
   169 | D        | Learned a level 3 spell: Mephitic Cloud
   234 | D        | Noticed a sky beast
   239 | D        | Noticed a necrophage
   241 | D        | Killed from afar by an orc priest

Vault maps used:
D:        pitsprint

Skill      XL: |  1  2 |
---------------+-------+-----
Stealth        | 3 4 |  4.4
Spellcasting   | 4 6 |  6.2
Short Blades   | 1 |  1.0
Long Blades    | |  0.3
Dodging        | |  2.9
Conjurations   | |  1.1
Summonings     | |  1.0
Translocations | |  1.0

Action                   || total
-------------------------++-------
Melee: Dagger            ||     8
       Constrict         ||     5
       Falchion          ||     7
       Tentacles         ||     2
 Cast: Magic Dart        ||     9
       Mephitic Cloud    ||     1
 Stab: Sleeping          ||     4
       Confused          ||     1
Armor: Skin              ||     1
Dodge: Dodged            ||    18
       Rpst.: Falchion   ||     2

Table legend:
 A = Spawn XP
 B = Non-spawn XP
 C = Spawn XP percentage of total XP
 D = Spawn monster count
 E = Non-spawn monster count
 F = Spawn count percentage of total count
 G = Total turns spent on level
                    A         B        C        D         E        F      G
               +---------+---------+-------+---------+---------+-------+---------
         Total |       0 |      70 |   0.0 |       0 |      10 |   0.0 |   241
               +---------+---------+-------+---------+---------+-------+---------
             D |       0 |      70 |   0.0 |       0 |      10 |   0.0 |   241
               +---------+---------+-------+---------+---------+-------+---------
